 Dungeon Crawl Stone Soup version 0.23-a0-49-gd9f7a49 (webtiles) character file.

2 Amnesiac the Magician (level 1, 0/13 HPs)
             Began as a Mummy Air Elementalist on Aug 7, 2018.
             Slain by a leopard gecko (4 damage)
             ... on level 2 of the Dungeon.
             The game lasted 00:00:29 (371 turns).

Amnesiac the Magician (Mummy Air Elementalist)       Turns: 371, Time: 00:00:29

Health: 0/13       AC:  2    Str: 11    XL:     1   Next: 25%
Magic:  4/4        EV: 12    Int: 14    God:
Gold:   21         SH:  0    Dex: 12    Spells: 4/5 levels left

rFire    x . .     SeeInvis .   d - +0 dagger
rCold    + . .     Gourm    .   (no shield)
rNeg     + + +     Faith    .   a - +0 robe
rPois    ∞         Spirit   .   (no helmet)
rElec    .         Reflect  .   (no cloak)
rCorr    .         Harm     .   (no gloves)
MR       .....                  (no boots)
Stlth    ++........             (no amulet)
HPRegen  0.04/turn              (no ring)
MPRegen  0.09/turn              (no ring)

@: no status effects
A: no food or potions, fire vulnerability, cold resistance 1, negative energy
resistance 3, torment resistance, unbreathing
a: no special abilities


You were on level 2 of the Dungeon.
You were not hungry.

You visited 1 branch of the dungeon, and saw 2 of its levels.

You collected 21 gold pieces.

Inventory:

Hand Weapons
 d - a +0 dagger (weapon)
Missiles
 b - 21 stones (quivered)
Armour
 a - a +0 robe (worn)
Scrolls
 c - a scroll of enchant weapon {!r, unknown}


   Skills:
 - Level 1.5 Dodging
 - Level 1.5 Stealth
 - Level 2.6 Spellcasting
 - Level 0.7 Conjurations
 + Level 2.5 Air Magic


You had 4 spell levels left.
You knew the following spells:

 Your Spells              Type           Power        Failure   Level  Hunger
a - Shock                 Conj/Air       #...         12%         1    N/A

Your spell library contained the following spells:

 Spells                   Type           Power        Failure   Level  Hunger
 Lightning Bolt           Conj/Air       #.........   97%         5    N/A
 Swiftness                Chrm/Air       #.......     21%         2    N/A
 Airstrike                Air            #.........   61%         4    N/A
 Static Discharge         Conj/Air       #.......     34%         3    N/A

Dungeon Overview and Level Annotations

Branches:
Dungeon (2/15)

Altars:


Innate Abilities, Weirdness & Mutations

You do not eat or drink.
Your flesh is vulnerable to fire.
You are immune to poison.
Your flesh is cold resistant. (rC+)
You are immune to negative energy. (rN+++)
You are immune to unholy pain and torment.
You can survive without breathing.


Message History

You swing at nothing.
You swing at nothing.
You swing at nothing.
You swing at nothing.
You swing at nothing.
You swing at nothing.
You swing at nothing.
You swing at nothing.
You start resting.
HP restored.
You see here a bat corpse.
A kobold comes into view. It is wielding a dagger.
A kobold is nearby!
A kobold is nearby!
The helpless kobold fails to defend itself.
You hit the kobold but do no damage. The kobold hits you but does no damage.
You hit the kobold.
The kobold is moderately wounded.
The kobold hits you with a dagger.
You barely miss the kobold.
The kobold is moderately wounded.
The kobold barely misses you.
You closely miss the kobold.
The kobold is moderately wounded.
The kobold hits you but does no damage.
You barely miss the kobold.
The kobold is moderately wounded.
The kobold hits you with a dagger.
You hit the kobold but do no damage.
The kobold is moderately wounded.
The kobold hits you with a dagger.
* * * LOW HITPOINT WARNING * * *
You miss the kobold.
The kobold is moderately wounded.
The kobold barely misses you.
You hit the kobold.
You kill the kobold!
You see here a dagger.
d - a dagger Wield which item (- for none, * to show all)? (? for menu, Esc to quit)
d - a +0 dagger (weapon)
You start resting.
HP restored.
A leopard gecko comes into view.
A leopard gecko is nearby!
Found 12 gold pieces.
You hit the leopard gecko.
The leopard gecko is moderately wounded.
The leopard gecko bites you.
You hit the leopard gecko but do no damage.
The leopard gecko is moderately wounded.
The leopard gecko bites you.
* * * LOW HITPOINT WARNING * * *
You hit the leopard gecko.
The leopard gecko is heavily wounded.
The leopard gecko closely misses you.
You barely miss the leopard gecko.
The leopard gecko is heavily wounded.
The leopard gecko bites you.
* * * LOW HITPOINT WARNING * * *
You barely miss the leopard gecko.
The leopard gecko is moderately wounded.
The leopard gecko misses you. The leopard gecko bites you.
You die...

#########
#####.......#
#..†....###.#
#<###.#.###.######
#.###.#.@l.......#
#.##.....##.####....$.
#.##..#.###.# ###.#
#...........#
#.......#####
#.##.#.## #....#.#
#..###.# #.. #.#


You could see a leopard gecko.

Vanquished Creatures
  A bat (D:2)
  A kobold (D:2)
2 creatures vanquished.

Notes
Turn   | Place    | Note
-------+----------+-------------------------------------------
     0 | D:1      | Amnesiac the Mummy Air Elementalist began the quest for the Orb.
     0 | D:1      | Reached XP level 1. HP: 13/13 MP: 4/4
   371 | D:2      | Slain by a leopard gecko

Vault maps used:
D:1:      lightli_arrival_lavapool
D:2:      nicolae_overflow_crystal_walls

Action                   || total
-------------------------++-------
Melee: Unarmed           ||    27
       Dagger            ||     5
 Stab: Sleeping          ||     1
Armor: Robe              ||    10
Dodge: Dodged            ||    22

Table legend:
 A = Spawn XP
 B = Non-spawn XP
 C = Spawn XP percentage of total XP
 D = Spawn monster count
 E = Non-spawn monster count
 F = Spawn count percentage of total count
 G = Total turns spent on level
                    A         B        C        D         E        F      G
               +---------+---------+-------+---------+---------+-------+---------
         Total |       0 |       3 |   0.0 |       0 |       2 |   0.0 |   371
               +---------+---------+-------+---------+---------+-------+---------
           D:2 |       0 |       3 |   0.0 |       0 |       2 |   0.0 |   301
               +---------+---------+-------+---------+---------+-------+---------
